Map: Ciberbosque EJ

Players

Straggo

  • Race: Protoss Protoss
  • League: Master
  • Spawn Location: 5:00

Yav - Winner!

  • Race: Protoss Protoss
  • Spawn Location: 11:00

VOD

Have the link to the VOD?

Description

Time

  • Played on: Feb. 20, 2019, 1:37 p.m.
  • Length: 12:09
Show
View Real Time Build Order
Export as new Build Order

Straggo Protoss 

Build Orders: Phoenix Opening 

Get SALT Encoding   

  12  0:01  Probe  
  13  0:13  Probe  
  14  0:17  Pylon  
  14  0:24  Probe  
  15  0:32  Probe  
  15  0:39  Gateway  
  15  0:40  Probe  
  16  0:46  Assimilator  
  17  0:51  Probe  
  17  0:55  Assimilator  
  18  0:59  Probe  
  19  1:07  Probe  
  19  1:13  Gateway  
  19  1:18  Probe  
  21  1:29  Cybernetics Core  
  21  1:30  Probe  
  22  1:36  Pylon  
  22  1:42  Probe  
  23  1:54  Probe  
  24  2:06  Stalker, Sentry  
  28  2:12  Pylon  
  28  2:14  Warp Gate  
  28  2:32  Nexus  
  28  2:48  Stalker, Phoenix  
  28  2:49  Stalker  
  32  2:57  Shield Battery  
  31  3:14  Shield Battery  
  31  3:15  Probe  
  31  3:18  Robotics Facility  
  32  3:28  Stalker  
  34  3:35  Stalker  
  36  3:42  Probe  
  36  3:43  Probe  
  38  3:53  Twilight Council  
  38  3:59  Forge  
  38  4:02  Probe  
  39  4:04  Probe  
  39  4:09  Observer  
  41  4:14  Probe x2  
  42  4:20  Blink  
  42  4:23  Probe, Protoss Ground Weapons Level 1  
  43  4:27  Probe  
  43  4:31  Phoenix, Observer  
  46  4:36  Probe  
  47  4:41  Probe  
  47  4:42  Pylon  
  48  4:48  Probe  
  49  4:55  Assimilator  
  49  4:56  Observer  
  49  4:58  Assimilator  
  50  5:00  Probe  
  50  5:01  Probe  
  50  5:03  Stalker  
  54  5:09  Probe  
  54  5:12  Probe  
  56  5:15  Pylon  
  56  5:17  Probe  
  56  5:28  Probe, Sentry  
  58  5:29  Sentry  
  58  5:34  Pylon  
  62  5:39  Gateway  
  62  5:42  Gateway, Warp Prism  
  64  5:46  Probe x2  
  66  5:52  Pylon  
  66  5:53  Observer  
  66  6:03  Probe x2  
  67  6:07  Protoss Ground Weapons Level 2  
  67  6:16  Pylon  
  67  6:21  Charge, Probe x2  
  67  6:24  Nexus  
  69  6:46  Probe x2  
  71  6:54  Gateway  
  71  6:58  Probe, Gateway  
  72  7:01  Gateway, Observer  
  72  7:02  Stalker x2  
  72  7:03  Gateway  
  72  7:06  Templar Archives  
  76  7:08  Probe  
  76  7:10  Probe  
  78  7:16  Assimilator  
  78  7:19  Assimilator  
  78  7:20  Probe  
  78  7:22  Probe  
  79  7:31  Zealot  
  79  7:32  Zealot x3  
  87  7:46  Probe  
  87  7:47  Probe x2  
  90  7:53  Zealot x2  
  90  7:54  Zealot x4  
  102  7:58  Probe  
  99  8:06  Protoss Ground Weapons Level 3  
  99  8:09  High Templar x2  
  99  8:10  Probe x2  
  99  8:11  Probe  
  100  8:18  Archon  
  100  8:19  High Templar  
  102  8:20  High Templar x3  
  102  8:22  Probe  
  109  8:29  Archon x2  
  109  8:30  Pylon  
  109  8:32  Pylon  
  109  8:45  Dark Shrine  
  109  8:48  Probe x2, Immortal  
  115  8:53  Shield Battery  
  115  8:55  Shield Battery, Pylon, High Templar x2  
  115  8:57  Shield Battery  
  115  8:59  Archon  
  119  9:08  Probe x3  
  122  9:20  Nexus  
  122  9:22  Pylon  
  122  9:23  Pylon  
  122  9:26  Assimilator  
  122  9:27  Immortal  
  122  9:29  High Templar x3  
  132  9:32  Assimilator  
  132  9:33  Pylon, Archon  
  132  9:34  Pylon  
  132  9:36  Pylon  
  132  9:39  Pylon  
  132  9:48  High Templar x3  
  138  9:53  Zealot x2  
  138  9:59  Immortal  
  142  10:01  Dark Templar x2  
  142  10:03  Zealot  
  148  10:13  Zealot x2, Observer  
  156  10:17  Gateway  
  156  10:21  Gateway x2  
  156  10:24  Gateway  
  150  10:57  Probe x2  
  150  10:58  Probe  
  150  11:00  High Templar x4  
  150  11:02  Zealot x4  
  169  11:13  Photon Cannon  
  169  11:15  Photon Cannon x2  
  169  11:17  Photon Cannon  
  169  11:18  Stargate  
  169  11:20  Shield Battery  
  169  11:21  Shield Battery  
  169  11:23  Warp Prism  
  169  11:24  Archon  
  171  11:25  Archon  
  171  11:27  High Templar x2  
  171  11:28  Zealot x3  
  171  11:29  Zealot x3  
  183  11:33  Sentry  
  179  11:47  Archon x2  
  179  11:48  Archon  
  157  11:57  Zealot x3  
  157  11:58  Zealot x6  
Show
View Real Time Build Order
Export as new Build Order

Yav Protoss - Winner!

Build Orders:  

Get SALT Encoding   

  12  0:01  Probe  
  13  0:13  Probe  
  14  0:19  Pylon  
  14  0:25  Probe  
  15  0:33  Probe  
  15  0:39  Gateway  
  15  0:41  Probe  
  16  0:47  Assimilator  
  17  0:51  Probe  
  17  0:55  Assimilator  
  18  0:59  Probe  
  19  1:07  Probe  
  19  1:13  Gateway  
  19  1:18  Probe  
  21  1:28  Cybernetics Core  
  21  1:31  Probe  
  22  1:37  Pylon  
  22  1:43  Probe  
  23  1:55  Probe  
  24  2:05  Stalker, Sentry  
  24  2:06  Warp Gate  
  28  2:16  Pylon  
  28  2:28  Nexus  
  28  2:36  Stalker  
  30  2:44  Stalker  
  32  3:02  Probe  
  33  3:09  Robotics Facility  
  33  3:11  Shield Battery  
  33  3:12  Shield Battery  
  33  3:14  Probe  
  34  3:25  Stalker  
  36  3:30  Stalker  
  36  3:33  Probe  
  39  3:41  Probe  
  39  3:45  Probe  
  41  3:51  Probe  
  41  3:55  Probe  
  42  4:00  Probe  
  43  4:03  Probe  
  43  4:05  Observer  
  43  4:09  Probe  
  46  4:12  Probe  
  46  4:14  Pylon  
  48  4:19  Probe  
  48  4:20  Twilight Council, Probe  
  48  4:21  Forge  
  50  4:27  Probe  
  50  4:28  Probe  
  50  4:29  Observer  
  52  4:35  Probe  
  52  4:38  Assimilator x2, Probe  
  55  4:47  Probe  
  55  4:50  Probe  
  55  4:51  Immortal  
  57  4:56  Pylon  
  57  4:58  Protoss Ground Weapons Level 1  
  57  4:59  Blink  
  57  5:00  Pylon  
  57  5:04  Probe  
  63  5:14  Probe  
  63  5:17  Probe, Robotics Bay  
  64  5:21  Immortal  
  64  5:23  Robotics Facility  
  64  5:26  Probe  
  69  5:42  Gateway  
  69  5:43  Gateway  
  69  5:50  Gateway  
  69  5:51  Pylon  
  69  5:54  Disruptor  
  69  5:57  Gateway  
  69  6:10  Disruptor  
  69  6:11  Pylon  
  75  6:23  Nexus  
  75  6:26  Pylon  
  75  6:28  Disruptor  
  75  6:39  Disruptor  
  78  6:45  Probe x2  
  83  6:57  Probe x2  
  83  7:00  Charge  
  85  7:02  Stalker x4  
  85  7:03  Stalker  
  85  7:04  Stalker  
  97  7:10  Pylon  
  97  7:15  Pylon  
  97  7:16  Disruptor, Protoss Ground Weapons Level 2  
  100  7:32  Zealot  
  100  7:34  Zealot  
  104  7:41  Probe x2  
  104  7:42  Probe  
  107  7:53  Probe  
  107  7:54  Probe x2  
  107  7:55  Stalker x3  
  107  7:56  Stalker  
  118  8:11  Probe x3  
  121  8:15  Assimilator  
  121  8:16  Assimilator  
  121  8:21  Dark Shrine  
  121  8:24  Nexus  
  121  8:29  Disruptor x2  
  127  8:43  Photon Cannon  
  127  8:45  Shield Battery  
  127  8:46  Photon Cannon  
  125  8:56  Stalker x4  
  125  9:02  Pylon  
  133  9:04  Pylon  
  133  9:06  Pylon  
  133  9:09  Pylon  
  133  9:14  Pylon  
  133  9:17  Disruptor x2  
  133  9:19  Pylon  
  139  9:26  Pylon  
  139  9:31  Protoss Ground Weapons Level 3  
  139  9:41  Stalker x6  
  151  9:53  Disruptor x2  
  157  10:08  Dark Templar  
  157  10:10  Dark Templar  
  161  10:15  Assimilator  
  161  10:19  Assimilator  
  161  10:20  Photon Cannon  
  161  10:23  Photon Cannon  
  161  10:24  Probe  
  161  10:25  Probe x2  
  161  10:26  Photon Cannon  
  161  10:27  Shield Battery  
  163  10:42  Dark Templar  
  163  10:51  Photon Cannon  
  163  10:52  Photon Cannon  
  163  10:53  Disruptor  
  163  10:54  Observer  
  163  10:55  Photon Cannon  
  165  11:05  Probe x3  
  165  11:06  Probe, Pylon  
  165  11:10  Dark Templar x2  
  165  11:11  Stalker, Dark Templar x2  
  177  11:15  Observer  
  180  11:18  Archon  
  180  11:19  Archon  
  180  11:24  Stargate  
  180  11:28  Stargate  
  180  11:29  Observer  
Tags
 
League
Master
Matchup
PvP
Spawn Locations
Cross Positions
Add a new tag
Caveats
  • Supply blocks, unpowered buildings, or Contaminate may cause inaccurate times.
  • Supply counts are checked every 10 seconds.